 Dungeon Crawl Stone Soup version 0.17.0-56-gd8de76c (webtiles) character file.

42 gorblad the Firebug (level 3, -1/24 HPs)
             Began as a Demonspawn Fire Elementalist on Dec 6, 2015.
             Slain by an orc
             ... wielding a +0 hand axe
              (4 damage)
             ... on level 2 of the Dungeon.
             The game lasted 00:05:32 (2031 turns).

gorblad the Firebug (Demonspawn Fire Elementalist)  Turns: 2031, Time: 00:05:33

Health: -1/24      AC:  3    Str:  8    XL:     3   Next: 35%
Magic:  0/6        EV: 12    Int: 17    God:
Gold:   27         SH:  0    Dex: 13    Spells: 3 memorised, 0 levels left

rFire  . . .     SeeInvis .     (no weapon)
rCold  . . .     Clarity  .     a - +1 robe
rNeg   . . .     SustAt   .     (no shield)
rPois  .         Gourm    .     (no helmet)
rElec  .         Spirit   +     (no cloak)
rCorr  .         Warding  .     (no gloves)
rMut   .         Stasis   .     (no boots)
MR     .....                    (no amulet)
Stlth  ++........               (no ring)
                                (no ring)

@: not resistant to hostile enchantments, unstealthy
A: claws 1, magic shield
a: no special abilities


You were on level 2 of the Dungeon.
You were not hungry.

You visited 1 branch of the dungeon, and saw 3 of its levels.

You collected 27 gold pieces.

Inventory:

Armour
 a - a +1 robe (worn)
 q - a +0 pair of gloves
Wands
 u - a wand of digging (16)
Scrolls
 d - a scroll of enchant armour
 g - 2 scrolls of remove curse
 h - 2 scrolls of identify
Potions
 i - a potion of might {unknown}
 j - a potion of heal wounds {unknown}
 k - a potion of brilliance {unknown}
 l - 2 potions of curing {unknown}
 m - 2 potions of lignification
 n - a potion of cancellation {unknown}
 r - a potion of poison {unknown}
Books
 b - a book of Flames

   Spells                             Type                      Level
   a - Flame Tongue                   Conjuration/Fire             1
   b - Throw Flame                    Conjuration/Fire             2
   c - Conjure Flame                  Conjuration/Fire             3
   d - Inner Flame                    Hexes/Fire                   3
   e - Sticky Flame                   Conjuration/Fire             4
   f - Fireball                       Conjuration/Fire             5
Comestibles
 c - 2 bread rations
 f - 3 fruits
 o - 3 chunks of flesh
 s - a beef jerky
 t - a royal jelly


   Skills:
 + Level 2.1 Dodging
 + Level 1.9 Stealth
 + Level 2.3 Spellcasting
 + Level 1.3 Conjurations
 + Level 3.3 Fire Magic


You couldn't memorise any spells.
You knew the following spells:

 Your Spells              Type           Power        Failure   Level  Hunger
a - Flame Tongue          Conj/Fire      ##...        10%         1    #......
b - Throw Flame           Conj/Fire      ##....       14%         2    ##.....
c - Conjure Flame         Conj/Fire      ##......     24%         3    ###....


Dungeon Overview and Level Annotations

Branches:
Dungeon (3/15)

Altars:
Xom

Annotations:
D:3 Chiseanne's ghost, amateur SpTm


Innate Abilities, Weirdness & Mutations

You have sharp fingernails.
When hurt, damage is shared between your health and your magic reserves.


Message History

* * * LOW HITPOINT WARNING * * *
The orc barely misses you.
You climb upwards.
There is a stone staircase leading down here.
Things that are here:
a leather armour; a club; an orc skeleton You closely miss the orc.
The orc hits you.
* * * LOW HITPOINT WARNING * * *
You scratch the orc but do no damage. The orc closely misses you.
You scratch the orc.
You kill the orc!
Casting: Flame Tongue
Confirm with . or Enter, or press ? or * to list all spells.
Aiming: Flame Tongue
Press: ? - help, Shift-Dir - straight line, f - orc
Aim: an orc, wielding a hand axe and wearing a chain mail The flame tongue hits the orc.
The orc is heavily wounded.
The orc hits you with a hand axe.
You die...

#.# ##..# ###.##.#...#####
#.######รท..# #...##...###
#.##.....#.###.#####..#
#.#..#####...#(## ##..# #.#.##
####....###...##
....#####...........#..# ####
..........####..######.####..#
....####### #..######..#....#
....# #.)@o.........###
....##########.###......####
...................###..####
.>..#########..#...........##
........................)...#
..##..........####.######..##
.....#.#...........####..###
.####..####..##......##..## ##
#..## #...#######......##


You could see an orc.

Vanquished Creatures
  2 giant geckos (D:1)
  3 orcs
  5 bats (D:1)
  2 giant cockroaches
  10 goblins
  3 hobgoblins (D:2)
  A quokka (D:2)
  A ball python (D:1)
  A giant newt (D:1)
  4 kobolds
  3 rats
35 creatures vanquished.

Notes
Turn   | Place    | Note
--------------------------------------------------------------
     0 | D:1      | gorblad the Demonspawn Fire Elementalist began the quest for the Orb.
     0 | D:1      | Reached XP level 1. HP: 13/13 MP: 3/3
   257 | D:1      | Reached skill level 3 in Fire Magic
   268 | D:1      | Gained mutation: You have sharp fingernails. [demonic ancestry]
   268 | D:1      | Reached XP level 2. HP: 13/19 MP: 0/5
  1097 | D:2      | Gained mutation: When hurt, damage is shared between your health and your magic reserves. [demonic ancestry]
  1097 | D:2      | Reached XP level 3. HP: 24/24 MP: 6/6
  1147 | D:2      | Found a shimmering altar of Xom.
  1392 | D:2      | Found a faded altar to an unknown god.
  1617 | D:2      | Learned a level 2 spell: Throw Flame
  1621 | D:2      | Learned a level 3 spell: Conjure Flame
  1771 | D:3      | Noticed Chiseanne's ghost (amateur SpTm)
  2031 | D:2      | Slain by an orc

Action                   || total
-------------------------++-------
Melee: Unarmed           ||    38
 Cast: Flame Tongue      ||    54
  Use: Scroll            ||    10
  Eat: Chunk             ||     4
